Map: Eternal Empire LE

Players

Reynor - Winner!

  • Race: Zerg Zerg
  • Spawn Location: 7:00

DnS

  • Race: Protoss Protoss
  • Spawn Location: 1:00

Event: DreamHack SC2 Masters 2020 Summer Europe

VOD

Have the link to the VOD?

Description

Time

  • Played on: June 25, 2020, 11:34 a.m.
  • Length: 11:34

All games in this series

Show
View Real Time Build Order
Export as new Build Order

Reynor Zerg - Winner!

Build Orders: Hatch First 

Get SALT Encoding   

  12  0:00  Drone  
  13  0:12  Overlord  
  13  0:17  Drone  
  14  0:43  Hatchery  
  14  0:45  Drone  
  14  0:48  Drone  
  15  0:52  Drone  
  16  0:58  Drone  
  17  1:08  Drone  
  18  1:11  Extractor  
  18  1:17  Spawning Pool  
  16  1:20  Drone  
  17  1:28  Drone  
  18  1:39  Drone  
  19  1:51  Drone  
  20  1:55  Drone  
  21  2:04  Queen x2  
  21  2:05  Overlord  
  21  2:06  Zergling x2  
  26  2:11  Drone  
  27  2:17  Zergling x2  
  28  2:24  Drone  
  28  2:27  Drone  
  30  2:35  Hatchery  
  30  2:37  Drone  
  30  2:40  Metabolic Boost  
  30  2:43  Drone  
  31  2:45  Drone  
  31  2:51  Overlord  
  32  2:54  Drone  
  33  2:59  Queen  
  33  3:02  Drone  
  36  3:10  Drone x2  
  38  3:14  Overlord  
  38  3:16  Drone x2  
  40  3:21  Queen  
  40  3:23  Zergling x2  
  40  3:25  Drone  
  44  3:32  Evolution Chamber  
  44  3:33  Drone  
  44  3:34  Drone  
  45  3:42  Overlord  
  45  3:44  Drone, Queen  
  45  3:46  Zergling x4  
  45  3:47  Drone  
  51  3:50  Drone  
  52  3:55  Spore Crawler  
  52  3:58  Zerg Melee Weapons Level 1  
  52  4:00  Drone x2  
  52  4:01  Drone  
  54  4:04  Spore Crawler  
  54  4:05  Drone  
  54  4:08  Zergling x2  
  55  4:13  Drone  
  55  4:14  Drone x2  
  58  4:17  Overlord  
  58  4:24  Overlord  
  58  4:31  Overlord  
  58  4:33  Overlord  
  58  4:34  Extractor  
  58  4:37  Drone x7  
  64  4:42  Drone  
  65  4:48  Zergling x4  
  65  4:50  Zergling x6  
  70  4:52  Drone  
  70  4:56  Lair  
  70  4:59  Drone x3  
  72  5:01  Drone  
  72  5:03  Drone x2  
  72  5:06  Roach Warren, Queen  
  76  5:07  Spore Crawler, Zergling x4  
  76  5:11  Drone, Overlord  
  78  5:18  Drone x3  
  78  5:20  Drone  
  78  5:21  Drone  
  81  5:22  Overlord  
  81  5:23  Extractor  
  80  5:30  Drone  
  80  5:33  Zergling x4  
  83  5:36  Drone, Queen  
  83  5:37  Drone  
  83  5:38  Drone  
  88  5:45  Roach  
  88  5:46  Roach x2  
  88  5:47  Roach  
  88  5:49  Zergling x2  
  97  5:50  Hatchery  
  97  5:52  Drone  
  97  5:53  Overlord  
  97  5:55  Overseer  
  97  6:01  Extractor  
  97  6:04  Drone x3, Extractor x2  
  97  6:06  Overlord  
  97  6:07  Drone, Spire  
  97  6:14  Drone x3  
  97  6:15  Drone x2  
  102  6:18  Zerg Melee Weapons Level 2  
  102  6:20  Drone  
  102  6:23  Drone x2  
  102  6:24  Drone  
  106  6:26  Drone  
  107  6:33  Drone, Spore Crawler  
  107  6:35  Drone x3  
  107  6:37  Drone x2  
  107  6:39  Hatchery  
  111  6:41  Baneling Nest  
  111  6:43  Overlord  
  111  6:45  Drone x3  
  113  6:49  Drone  
  113  6:52  Overlord  
  114  6:55  Unknown  
  114  6:57  Drone  
  114  6:59  Drone  
  111  7:04  Drone  
  111  7:05  Drone  
  110  7:15  Queen  
  110  7:17  Spore Crawler  
  110  7:19  Corruptor x6  
  110  7:21  Corruptor  
  124  7:24  Corruptor  
  124  7:29  Corruptor  
  126  7:30  Corruptor  
  126  7:33  Drone x3  
  126  7:36  Centrifical Hooks  
  133  7:39  Overlord  
  133  7:42  Drone x2  
  135  7:49  Overlord  
  135  7:55  Evolution Chamber, Roach, Zergling x2  
  135  7:56  Zergling x8  
  139  8:01  Roach, Zergling x16  
  148  8:07  Zergling x2  
  148  8:08  Zergling x6  
  143  8:13  Queen, Zergling x2  
  143  8:16  Zergling x4  
  143  8:17  Zergling x2  
  143  8:19  Zergling x6  
  145  8:25  Zergling x2  
  130  8:29  Zerg Missile Weapons Level 1, Drone x2  
  130  8:34  Zergling x4  
  121  8:39  Drone x2  
  121  8:40  Queen  
  121  8:41  Drone x4  
  118  8:50  Drone x5  
  118  8:54  Drone x2  
  122  9:02  Drone x4  
  126  9:04  Drone  
  126  9:08  Drone  
  126  9:09  Drone  
  129  9:12  Zergling x4  
  129  9:14  Baneling x6, Roach Warren  
  129  9:15  Baneling x2  
  130  9:18  Zergling x10  
  130  9:23  Drone x2  
  135  9:24  Drone  
  135  9:28  Drone x2  
  138  9:36  Zergling x2  
  138  9:37  Zergling x18  
  148  9:43  Overlord  
  148  9:44  Zergling x12  
  154  9:45  Overlord  
  154  9:47  Baneling x9, Overlord  
  154  9:48  Overlord  
  154  9:52  Spore Crawler, Zergling x2  
  154  9:56  Zergling x8  
  156  10:01  Baneling x8  
  156  10:02  Drone  
  156  10:03  Drone x2, Overlord  
  156  10:05  Drone  
  157  10:08  Ravager x4  
  157  10:10  Drone x5  
  163  10:15  Ravager, Infestation Pit  
  163  10:16  Roach, Zergling x2  
  163  10:17  Zergling x12  
  172  10:21  Zergling x10  
  172  10:26  Overlord  
  177  10:28  Zergling x4  
  177  10:29  Zergling x6  
  177  10:32  Hatchery  
  177  10:34  Baneling x10  
  182  10:35  Roach, Zergling x4  
  183  10:45  Zergling x2  
  183  10:46  Zergling x16  
  192  10:56  Zergling x14  
  198  10:58  Overlord x2  
  198  11:01  Baneling x5  
  198  11:02  Overlord  
  199  11:05  Hatchery  
  196  11:13  Zergling x6  
Show
View Real Time Build Order
Export as new Build Order

DnS Protoss 

Build Orders: 1 Gate Expand, Oracle Opening, Phoenix Opening, Carrier Rush 

Get SALT Encoding   

  12  0:00  Probe  
  13  0:12  Probe  
  14  0:19  Pylon  
  14  0:24  Probe  
  15  0:34  Probe  
  15  0:41  Gateway  
  15  0:42  Probe  
  17  0:50  Assimilator  
  17  0:51  Probe  
  18  1:04  Probe  
  19  1:16  Probe  
  20  1:27  Nexus  
  20  1:39  Cybernetics Core  
  20  1:41  Probe  
  21  1:50  Assimilator  
  21  1:53  Probe  
  22  1:58  Pylon  
  22  2:05  Probe  
  22  2:06  Adept  
  23  2:13  Probe  
  23  2:16  Warp Gate  
  23  2:21  Probe  
  27  2:30  Stargate  
  27  2:32  Probe  
  27  2:35  Probe  
  27  2:36  Adept  
  30  2:43  Probe  
  32  2:44  Probe  
  33  2:53  Probe  
  33  2:56  Probe  
  35  3:05  Probe  
  36  3:08  Phoenix, Probe  
  36  3:10  Adept  
  39  3:17  Probe  
  39  3:18  Pylon  
  42  3:20  Probe  
  42  3:23  Assimilator  
  43  3:27  Oracle  
  43  3:28  Assimilator  
  43  3:29  Probe  
  43  3:32  Probe  
  48  3:41  Probe  
  48  3:44  Probe  
  48  3:45  Pylon  
  50  3:52  Gateway  
  50  3:55  Probe  
  51  3:59  Probe  
  52  4:07  Probe  
  53  4:11  Probe  
  53  4:15  Fleet Beacon, Stargate  
  54  4:19  Probe  
  54  4:22  Adept  
  57  4:24  Pylon  
  57  4:25  Probe  
  58  4:31  Gateway  
  58  4:38  Pylon  
  58  4:51  Carrier  
  58  4:52  Adept x2  
  62  4:55  Pylon  
  62  4:56  Carrier  
  74  5:24  Twilight Council, Nexus  
  74  5:29  Pylon  
  74  5:34  Adept x2  
  78  5:48  Carrier  
  78  5:52  Probe  
  78  5:53  Probe  
  80  5:59  Carrier  
  80  6:01  Resonating Glaives  
  92  6:17  Gateway  
  92  6:22  Gateway  
  92  6:24  Gateway  
  92  6:25  Gateway  
  92  6:35  Adept  
  92  6:36  Adept  
  92  6:37  Adept  
  98  6:43  Probe x3  
  101  6:48  Pylon  
  101  6:55  Probe x2  
  103  7:06  Adept x3  
  109  7:11  Adept  
  109  7:14  Pylon  
  111  7:15  Pylon  
  111  7:22  Zealot  
  113  7:23  Adept x2  
  117  7:32  Probe x3  
  120  7:37  Adept  
  120  7:38  Adept x3  
  128  7:44  Probe  
  128  7:48  Blink  
  128  7:50  Probe x2  
  131  7:51  Pylon  
  131  7:52  Pylon  
  131  8:03  Adept  
  133  8:10  Pylon  
  133  8:11  Pylon  
  127  8:13  Pylon  
  127  8:14  Probe x3  
  127  8:17  Sentry x2, Stalker  
  127  8:18  Stalker x3  
  128  8:23  Shield Battery  
  128  8:26  Shield Battery  
  122  8:27  Probe  
  122  8:29  Forge  
  122  8:34  Probe x2  
  123  8:36  Stalker  
  113  8:42  Stalker x3  
  113  8:52  Stalker x2  
  109  9:01  Protoss Ground Weapons Level 1  
  109  9:04  Probe x2  
  112  9:10  Assimilator  
  112  9:11  Assimilator  
  112  9:13  Robotics Facility  
  112  9:15  Stalker  
  112  9:16  Stalker, Zealot x3  
  125  9:33  Stalker, Nexus  
  125  9:37  Nexus  
  127  9:43  Nexus  
  127  9:44  Pylon  
  127  9:52  Warp Prism  
  113  10:08  Stalker  
  113  10:09  Stalker x5  
  113  10:10  Stalker  
  113  10:11  Probe x2  
  113  10:12  Probe  
  120  10:19  Templar Archives  
  120  10:23  Probe x2  
  120  10:24  Probe  
  121  10:39  Zealot x5  
  128  11:00  High Templar x4  
  128  11:01  High Templar  
  128  11:02  High Templar  
  140  11:05  Archon x2, Pylon  
  140  11:06  Archon, Pylon  
  140  11:09  Photon Cannon  
  140  11:12  Photon Cannon  
Tags
 
Add a new tag
Caveats
  • Supply blocks, unpowered buildings, or Contaminate may cause inaccurate times.
  • Supply counts are checked every 10 seconds.